 Dungeon Crawl Stone Soup version 0.27.1-1-g398f81649c (webtiles) character file.

Game seed: 4250699638592372292

2 Descartes the Changer (level 1, 0/12 HPs)
             Began as a Deep Elf Wanderer on Sept 5, 2021.
             Slain by a hobgoblin (1 damage)
             ... on level 1 of the Dungeon.
             The game lasted 00:00:53 (40 turns).

Descartes the Changer (Deep Elf Wanderer)             Turns: 40, Time: 00:00:53

Health: 0/12       AC:  5    Str:  8    XL:     1   Next: 25%
Magic:  5/5        EV:  9    Int: 17    God:
Gold:   0          SH:  0    Dex: 14    Spells: 2/3 levels left

rFire    . . .     SeeInvis .   a - +0 dagger
rCold    . . .     Faith    .   (no shield)
rNeg     . . .     Spirit   .   c - +0 ring mail
rPois    .         Reflect  .   (no helmet)
rElec    .         Harm     .   (no cloak)
rCorr    .         Rampage  .   (no gloves)
Will     .....                  (no boots)
Stlth    +.........             (no amulet)
HPRegen  0.04/turn              (no ring)
MPRegen  0.09/turn              (no ring)

@: no status effects
A: no striking features
a: no special abilities


You were on level 1 of the Dungeon.
You visited 1 branch of the dungeon, and saw 1 of its levels.

Inventory:

Hand Weapons
 a - a +0 dagger (weapon)
Armour
 c - a +0 ring mail (worn)
Potions
 b - a potion of curing


   Skills:
 - Level 1.0 Fighting
 - Level 1.0 Throwing
 - Level 1.5 Armour
 + Level 0.2 Dodging
 + Level 1.3 Stealth
 + Level 1.6 Spellcasting
 + Level 1.3 Necromancy
 - Level 3.2 Transmutations


You had 2 spell levels left.
You knew the following spells:

 Your Spells              Type           Power      Damage    Failure   Level
a - Pain                  Necr           20%        1d5       34%         1

Your spell library contained the following spells:

 Spells                   Type           Power      Damage    Failure   Level
 Animate Skeleton         Necr           10%        N/A       34%         1
 Vampiric Draining        Necr           2%         2d6       71%         3
 Animate Dead             Necr           2%         N/A       98%         4
 Agony                    Necr           5%         N/A       100%        5


Dungeon Overview and Level Annotations

Branches:
Dungeon (1/15)

Altars:


Message History

You hit the giant cockroach but do no damage.
The giant cockroach is heavily wounded.
The hobgoblin barely misses you. The giant cockroach barely misses you.
The giant cockroach bites you.
The hobgoblin hits you but does no damage.
You closely miss the giant cockroach.
The giant cockroach is heavily wounded.
The giant cockroach barely misses you.
The giant cockroach bites you but does no damage.
The hobgoblin barely misses you. The giant cockroach bites you.
The hobgoblin hits you but does no damage.
The giant cockroach closely misses you.
You barely miss the giant cockroach.
The giant cockroach is heavily wounded.
The hobgoblin hits you.
The giant cockroach bites you but does no damage.
The giant cockroach barely misses you. The hobgoblin closely misses you.
You hit the hobgoblin but do no damage.
The hobgoblin hits you but does no damage.
The giant cockroach bites you.
The giant cockroach bites you but does no damage.
The hobgoblin hits you but does no damage.
You closely miss the hobgoblin.
The hobgoblin hits you but does no damage.
The giant cockroach bites you.
The giant cockroach bites you but does no damage.
A dart slug comes into view.
The hobgoblin hits you.
* * * LOW HITPOINT WARNING * * *
You hit the hobgoblin but do no damage.
The giant cockroach bites you but does no damage.
The giant cockroach bites you.
* * * LOW HITPOINT WARNING * * *
The hobgoblin closely misses you. The hobgoblin hits you.
* * * LOW HITPOINT WARNING * * *
Unknown command.
You closely miss the hobgoblin.
The giant cockroach bites you but does no damage. x2
The hobgoblin hits you.
You die...

#..÷.....'.#
#÷÷..÷÷.##.#
##########.#
.###...#
..##.###
#.##.# #
#.##†#
#####.#B##.#
......B@g..#
.####.#g##.#
.. #SB#.# ##
#r.^..
#......
...###.#
.w.# (# .##.
.#


You could see a dart slug, a quokka, 3 giant cockroaches, 2 hobgoblins and a
ball python.

Vanquished Creatures
  2 ball pythons (D:1)
2 creatures vanquished.

Notes
Turn   | Place    | Note
-------+----------+-------------------------------------------
     0 | D:1      | Descartes the Deep Elf Wanderer began the quest for the
                  | Orb.
     0 | D:1      | Descartes set off with the following items: a +0 dagger, a
                  | potion of curing, a +0 ring mail; and the following spells
                  | available to memorise: Animate Skeleton, Pain, Vampiric
                  | Draining, Animate Dead, Agony
     0 | D:1      | Reached XP level 1. HP: 12/12 MP: 5/5
     2 | D:1      | Learned a level 1 spell: Pain
    40 | D:1      | Slain by a hobgoblin

Illustrated notes

Levels and vault maps discovered:
D:1:      heliophobic_arrival_battle_scene, layout_basic, minmay_vboxes

Action                   || total
-------------------------++-------
Melee: Dagger            ||    16
Armor: Ring mail         ||    19
Dodge: Dodged            ||    17
